Map: Jagannatha LE

Players

Neeb

  • Race: Protoss Protoss

Scarlett - Winner!

  • Race: Zerg Zerg

Event: DreamHack SC2 Masters 2021 Fall

VOD

Have the link to the VOD?

Description

Time

  • Played on: Aug. 15, 2021, 5:41 p.m.
  • Length: 9:24

All games in this series

Show
View Real Time Build Order
Export as new Build Order

Neeb Protoss 

Build Orders: 1 Gate Expand, Oracle Opening 

Get SALT Encoding   

  12  0:00  Probe  
  13  0:12  Probe  
  14  0:19  Pylon  
  14  0:24  Probe  
  15  0:37  Probe (Chrono Boost)  
  15  0:39  Gateway  
  16  0:47  Assimilator, Probe (Chrono Boost)  
  17  0:52  Probe (Chrono Boost)  
  18  1:04  Probe  
  19  1:16  Probe  
  20  1:23  Nexus  
  20  1:34  Cybernetics Core  
  20  1:37  Probe  
  21  1:43  Assimilator  
  21  1:49  Probe  
  21  1:52  Pylon  
  22  2:01  Probe (Chrono Boost)  
  23  2:10  Adept (Chrono Boost)  
  23  2:11  Probe (Chrono Boost)  
  26  2:16  Probe (Chrono Boost)  
  26  2:17  Warp Gate  
  27  2:28  Probe  
  28  2:30  Stargate  
  28  2:32  Adept (Chrono Boost)  
  28  2:36  Probe  
  31  2:40  Probe  
  32  2:48  Probe  
  33  2:52  Probe  
  33  2:54  Adept  
  36  3:00  Probe  
  36  3:02  Pylon  
  36  3:04  Probe  
  38  3:08  Void Ray (Chrono Boost)  
  38  3:12  Gateway, Probe  
  43  3:20  Probe  
  43  3:25  Probe  
  45  3:32  Probe  
  46  3:37  Probe  
  46  3:40  Pylon  
  47  3:41  Oracle (Chrono Boost)  
  47  3:44  Probe  
  51  3:52  Probe  
  52  3:56  Nexus  
  52  3:59  Probe  
  52  4:02  Twilight Council  
  53  4:07  Probe  
  54  4:13  Gateway  
  54  4:16  Gateway, Probe  
  55  4:21  Adept x2  
  59  4:24  Probe  
  59  4:29  Pylon  
  60  4:32  Probe  
  60  4:34  Assimilator  
  60  4:37  Assimilator, Probe  
  62  4:40  Resonating Glaives (Chrono Boost)  
  62  4:47  Probe  
  62  4:51  Adept x2  
  67  4:55  Pylon  
  67  4:56  Probe  
  67  4:57  Robotics Facility  
  67  4:59  Probe  
  69  5:08  Probe  
  69  5:12  Adept x4  
  74  5:15  Probe  
  74  5:16  Probe  
  74  5:20  Probe  
  77  5:27  Shield Battery, Probe  
  79  5:37  Shield Battery  
  79  5:38  Stalker x2  
  79  5:39  Shield Battery  
  79  5:41  Shield Battery  
  82  5:43  Stalker  
  82  5:44  Stalker  
  82  5:48  Immortal (Chrono Boost)  
  90  6:02  Stalker x2  
  92  6:16  Stalker x2  
  92  6:18  Immortal (Chrono Boost)  
  88  6:26  Shield Battery  
  88  6:27  Stalker  
  88  6:28  Shield Battery  
  88  6:29  Adept  
  88  6:30  Pylon  
  92  6:38  Shield Battery  
  92  6:39  Shield Battery  
  84  6:40  Pylon  
  84  6:44  Stalker x2  
  84  6:46  Pylon  
  79  6:52  Stalker  
  79  6:53  Stalker  
  77  6:55  Shield Battery  
  77  6:58  Pylon, Immortal (Chrono Boost)  
  79  7:05  Shield Battery  
  79  7:11  Shield Battery  
  79  7:12  Shield Battery, Stalker  
  79  7:15  Stalker  
  78  7:24  Stalker x2  
  77  7:31  Immortal (Chrono Boost)  
  68  7:41  Stalker x2  
  66  7:47  Stalker x2  
  66  7:59  Immortal (Chrono Boost)  
  68  8:08  Adept  
  68  8:09  Sentry x2  
  68  8:10  Probe (Chrono Boost)  
  68  8:11  Probe (Chrono Boost)  
  68  8:12  Probe (Chrono Boost)  
  77  8:18  Forge  
  77  8:22  Probe (Chrono Boost)  
  77  8:23  Sentry  
  82  8:30  Adept  
  82  8:34  Adept x2  
  70  8:48  Stalker  
  64  8:52  Stalker x2  
  49  9:04  Stalker  
  47  9:12  Stalker x2  
Show
View Real Time Build Order
Export as new Build Order

Scarlett Zerg - Winner!

Build Orders: Hatch First 

Get SALT Encoding   

  12  0:00  Drone  
  13  0:12  Overlord  
  13  0:17  Drone  
  14  0:30  Drone x2  
  16  0:48  Hatchery  
  15  0:51  Drone  
  15  0:54  Drone  
  17  0:59  Drone  
  18  1:08  Extractor  
  17  1:13  Spawning Pool  
  17  1:17  Drone  
  17  1:20  Drone  
  18  1:28  Drone  
  19  1:38  Drone  
  20  1:50  Drone  
  21  2:00  Queen x2  
  21  2:01  Zergling x2  
  26  2:02  Overlord  
  26  2:11  Drone x2  
  26  2:15  Metabolic Boost  
  28  2:22  Drone x2  
  30  2:38  Hatchery  
  30  2:40  Drone  
  30  2:41  Drone  
  31  2:47  Queen  
  33  2:51  Overlord  
  33  2:55  Zergling x2  
  34  2:58  Zergling x4  
  36  3:11  Drone  
  36  3:12  Drone x4  
  41  3:13  Queen  
  41  3:17  Overlord  
  43  3:23  Overlord  
  43  3:34  Queen, Spore Crawler  
  43  3:37  Drone x3  
  43  3:40  Drone x2  
  49  3:42  Drone  
  50  3:52  Drone x3  
  50  3:55  Drone x3  
  55  4:00  Overlord  
  55  4:01  Drone x2  
  57  4:05  Queen  
  57  4:09  Overlord  
  59  4:11  Overlord  
  59  4:20  Drone x3  
  61  4:24  Zergling x4  
  61  4:27  Drone, Overlord  
  61  4:28  Drone x3  
  67  4:33  Roach Warren  
  67  4:35  Extractor  
  67  4:36  Extractor  
  64  4:38  Spore Crawler  
  63  4:45  Lair  
  63  4:46  Drone x6  
  69  4:53  Drone x6  
  69  4:56  Extractor  
  69  4:59  Spore Crawler x2  
  69  5:14  Roach x5  
  79  5:22  Roach x5  
  79  5:23  Overlord  
  79  5:28  Overlord x2  
  89  5:36  Ravager  
  89  5:37  Overlord x2  
  90  5:44  Zergling x14  
  90  5:45  Ravager  
  97  5:51  Zergling x10  
  97  5:52  Ravager  
  97  5:53  Ravager  
  103  5:57  Zergling x8  
  107  6:05  Ravager x2  
  107  6:11  Zergling x10  
  114  6:13  Ravager  
  114  6:17  Roach x4  
  118  6:22  Zergling x6  
  118  6:24  Ravager  
  120  6:27  Zergling x2  
  120  6:35  Zergling x4  
  120  6:36  Queen  
  114  6:46  Zergling x12  
  117  6:50  Queen x2  
  117  6:51  Zergling x4  
  117  6:53  Ravager x2  
  119  6:59  Overseer  
  116  7:02  Zergling x2  
  116  7:03  Zergling x4  
  116  7:05  Ravager x3  
  117  7:09  Zergling x2  
  117  7:12  Queen  
  117  7:18  Zergling x10  
  116  7:27  Zergling x6  
  108  7:31  Zergling x2  
  108  7:33  Roach  
  108  7:34  Hatchery  
  103  7:39  Roach x4  
  103  7:42  Ravager  
  108  7:45  Queen x2  
  105  7:53  Zergling x12  
  101  8:01  Zergling x6  
  101  8:02  Ravager x5  
  101  8:03  Zergling x2  
  106  8:09  Zergling x2  
  107  8:15  Zergling x4  
  107  8:16  Queen  
  110  8:20  Zergling x18  
  110  8:21  Queen  
  120  8:28  Queen  
  120  8:29  Overlord x2  
  119  8:37  Zergling x6  
  110  8:46  Zergling x8  
  108  8:52  Zergling x2  
  108  8:55  Roach x7  
  113  8:56  Zergling x4  
  113  9:01  Zergling x6  
  115  9:04  Overseer  
  111  9:15  Ravager x2  
  118  9:16  Ravager x5  

Tags
 
Add a new tag
Caveats
  • Supply blocks, unpowered buildings, or Contaminate may cause inaccurate times.
  • Supply counts are checked every 10 seconds.